 Dungeon Crawl Stone Soup version 0.23.2-40-g277498a001 (webtiles) character file.

Game seed: 10348804302983086870

138 MalarOregon the Magician (level 5, -3/41 HPs)
             Began as a Draconian Wizard on Sept 16, 2019.
             Killed from afar by an orc wizard (8 damage)
             ... with a puff of frost
             ... on level 3 of the Dungeon.
             The game lasted 00:07:44 (3533 turns).

MalarOregon the Magician (Draconian Wizard)         Turns: 3533, Time: 00:07:44

Health: -3/41      AC:  6    Str:  9    XL:     5   Next: 1%
Magic:  0/10       EV: 12    Int: 19    God:
Gold:   50         SH:  0    Dex: 10    Spells: 6/11 levels left

rFire    . . .     SeeInvis .   o - +0 halberd
rCold    . . .     Gourm    .   (shield currently unavailable)
rNeg     . . .     Faith    .   (armour unavailable)
rPois    .         Spirit   .   a - +0 hat
rElec    .         Reflect  .   f - +0 cloak
rCorr    .         Harm     .   (no gloves)
MR       .....                  (no boots)
Stlth    ++........             (no amulet)
HPRegen  0.13/turn              (no ring)
MPRegen  0.12/turn              (no ring)

@: no status effects
A: unfitting armour, cold-blooded, AC +5
a: no special abilities


You were on level 3 of the Dungeon.
You were hungry.

You visited 1 branch of the dungeon, and saw 3 of its levels.

You collected 50 gold pieces.

Inventory:

Hand Weapons
 o - a +0 halberd (weapon)
   (You took it off a gnoll on level 2 of the Dungeon)
Missiles
 k - a throwing net (quivered) {!f}
Armour
 a - a +0 hat (worn)
 f - a +0 cloak (worn)
   (You found it on level 1 of the Dungeon)
Scrolls
 c - a scroll of fear {unknown}
 g - 3 scrolls of identify {unknown}
 j - a scroll of noise {unknown}
 l - a scroll of magic mapping {unknown}
 n - a scroll of enchant weapon {unknown}
Potions
 b - a potion of flight {unknown}
 d - a potion of heal wounds {unknown}
 h - 2 potions of curing {unknown}
 i - a potion of lignification {unknown}
 m - a potion of mutation {unknown}
Comestibles
 e - 4 rations {!d}


   Skills:
 + Level 2.2 Fighting
 + Level 2.8 Dodging
 - Level 1.7 Stealth
 + Level 3.7 Spellcasting
 + Level 2.4 Conjurations
 - Level 1.0 Summonings
 - Level 1.0 Translocations


You had 6 spell levels left.
You knew the following spells:

 Your Spells              Type           Power        Failure   Level  Hunger
a - Magic Dart            Conj           ##..         5%          1    None
b - Blink                 Tloc           N/A          14%         2    ##.....
x - Call Imp              Summ           #.......     14%         2    ##.....

Your spell library contained the following spells:

 Spells                   Type           Power        Failure   Level  Hunger
 Slow                     Hex            #.......     22%         2    ##.....
 Conjure Flame            Conj/Fire      #.......     26%         3    ###....
 Mephitic Cloud           Conj/Pois/Air  #.......     30%         3    ###....


Dungeon Overview and Level Annotations

Branches:
Dungeon (3/15)

Altars:


Innate Abilities, Weirdness & Mutations

Your plain brown scales are hard. (AC +5)
You cannot fit into any form of body armour.
You are cold-blooded and may be slowed by cold attacks.


Message History

You kill the frilled lizard!
You start resting.
The worm is too close now for your liking.
Your magical contamination has completely faded away.
You start resting.
An orc comes into view.
The orc shouts!
You hear a shout! x3
Aim: an orc, wearing a +0 leather armour The magic dart hits the orc.
Aim: an orc, wearing a +0 leather armour The magic dart hits the orc but does no damage.
Aim: an orc, wearing a +0 leather armour The magic dart hits the orc but does no damage.
You slash the orc!
You kill the orc!
You have reached level 5!
The orc wizard looks braver for a moment.
Aim: an orc wizard, wielding a +0 dagger and wearing a +0 robe
Okay, then.
You open the door.
There is an open door here.
You close the door.
You start resting.
The orc wizard mumbles some strange words.
The orc wizard blinks!
An orc wizard opens the door.
It is wielding a +0 dagger.
Aim: an orc wizard, wielding a +0 dagger and wearing a +0 robe The magic dart hits the orc wizard.
The orc wizard points at you and mumbles some strange words.
The magic dart hits you!
* * * LOW HITPOINT WARNING * * *
Aim: an orc wizard, wielding a +0 dagger and wearing a +0 robe (lightly wounded)
The magic dart hits the orc wizard.
You closely miss the orc wizard.
The orc wizard miscasts a cantrip.
Aim: an orc wizard, wielding a +0 dagger and wearing a +0 robe (moderately wounded)
The magic dart hits the orc wizard.
The orc wizard closely misses you.
You closely miss the orc wizard. The orc wizard completely misses you.
The orc wizard barely misses you.
You barely miss the orc wizard.
Your tail-slap misses the orc wizard.
The orc wizard casts a spell.
The orc wizard seems to speed up.
You hit the orc wizard but do no damage.
The orc wizard casts a spell at you. The puff of frost hits you!
* * * LOW HITPOINT WARNING * * *
The orc wizard casts a cantrip, but nothing happens.
The orc wizard points at you and mumbles some strange words.
The puff of frost hits you!
You die...

# #..)# #.....# #
#...# #....## #
#...# #....# #
#...# #....#
####...####....###
....o............#
####o####.....##.#
#)# #.....##.# #.#
#.....##@# #.#
#.....##o## #+#
#....).og.#
#........[#
#....)....#
####......#
#......###
#........##
#####.##..#


You could see 2 orc wizards and a hobgoblin.

Vanquished Creatures
  An orc priest (D:3)
  3 adders
  An adder skeleton (D:3)
  2 worms
  A dart slug (D:2)
  4 leopard geckos
  An orc (D:3)
  2 ball pythons
  3 bats
  2 giant cockroaches
  6 hobgoblins
  4 jackals (D:1)
  A quokka (D:2)
  A frilled lizard (D:3)
  5 goblins
  3 kobolds
  4 rats
44 creatures vanquished.

Vanquished Creatures (collateral kills)
  4 gnolls (D:2)
  A worm (D:2)
5 creatures vanquished.

Grand Total: 49 creatures vanquished

Notes
Turn   | Place    | Note
-------+----------+-------------------------------------------
     0 | D:1      | MalarOregon the Draconian Wizard began the quest for the
                  | Orb.
     0 | D:1      | Reached XP level 1. HP: 14/14 MP: 4/4
   410 | D:1      | Reached XP level 2. HP: 22/22 MP: 3/6
   675 | D:1      | Reached skill level 1 in Fighting
   755 | D:1      | Learned a level 2 spell: Blink
   758 | D:1      | Learned a level 2 spell: Call Imp
  1429 | D:2      | Reached XP level 3. HP: 15/28 MP: 1/7
  2150 | D:2      | Reached XP level 4. HP: 36/36 MP: 0/9
  3519 | D:3      | Reached XP level 5. HP: 19/41 MP: 1/10
  3533 | D:3      | Killed from afar by an orc wizard

Skill      XL: |  1  2  3  4 |
---------------+-------------+-----
Dodging        | 2 |  2.8
Fighting       | 1 2 |  2.2
Conjurations   | 2 |  2.4
Stealth        | |  1.7
Spellcasting   | |  3.7
Summonings     | |  1.0
Translocations | |  1.0

Action                   |  1- 3 |  4- 6 || total
-------------------------+-------+-------++-------
Melee: Dagger            |    60 |     2 ||    62
       Tailslap          |     4 |       ||     4
       Halberd           |       |    17 ||    17
 Cast: Magic Dart        |    61 |    56 ||   117
       Call Imp          |    20 |     1 ||    21
  Eat: Chunk             |     5 |     3 ||     8
Armor: Skin              |    27 |     9 ||    36
Dodge: Dodged            |    51 |    21 ||    72
